 Dungeon Crawl Stone Soup version 0.31-a0-1074-g0b22e4e0f1 (webtiles) character file.

Game seed: 10244125341793260977

211974 zxpr0jk the Black Belt (level 18, -7/200 HPs)
             Began as a Pale Draconian Monk on Dec 1, 2023.
             Was the Champion of Ru.
             Mangled by a naga
             ... wielding a +0 long sword
              (34 damage)
             ... on level 4 of the Snake Pit.
             The game lasted 02:17:37 (29418 turns).

zxpr0jk the Black Belt (Pale Draconian Monk)       Turns: 29418, Time: 02:17:37

Health: -7/200     AC: 38    Str: 20    XL:     18   Next: 23%
Magic:  27/27      EV: 19    Int: 13    God:    Ru [******]
Gold:   1694       SH:  0    Dex: 23    Spells: 16/29 levels left

rFire   + .          .
                       - Unarmed
rCold   + . .        b - orb {light}
rNeg    + . .        (body armour unavailable)
rPois   ∞            H - +2 hat
rElec   +            h - +2 cloak
rCorr   .            (gloves currently unavailable)
SInv    .            (boots currently unavailable)
Will    ++...        T - amulet "Loth" {Acrobat Will+ Int+2} Stlth
                     q - +6 ring of strength
HPRegen 0.53/turn    p - ring of protection from fire
MPRegen 0.20/turn

%: acrobat
@: confused, exhausted, ice-armoured, statue-form, ambrosia-drunk, glowing,
constricted, very slow
A: slow and powerful, torment resistance 1, boosted hp, (breathe steam), AC +10,
unfitting armour, no potion heal 1, cold-blooded, inability to drink after
injury 2, no stealth, hated by all, no air magic, no conjurations magic, no
transmutations magic, unskilled 1, steam resistance, horns 2, agile 1, cold
resistance 1, screaming 1
}: 1/15 runes: decaying
a: Begin Untransformation, Renounce Religion, Draw Out Power, Power Leap,
Apocalypse


You were on level 4 of the Snake Pit.
You worshipped Ru.
Ru was exalted by your worship.
You were a living statue of rough stone.
You visited 6 branches of the dungeon, and saw 30 of its levels.

You collected 2724 gold pieces.
You spent 1030 gold pieces at shops.

Inventory:

Hand Weapons
 a - the +10 zealot's sword {holy, Zealotry, *Rage rN+ EV+3}
   (You took it off a deep elf zephyrmancer on level 1 of the Orcish Mines)

   Zealotry:  Whenever the wielder enters a berserk rage, their allies are
   berserked alongside them.
   EV+3:      It affects your evasion (+3).
   rN+:       It protects you from negative energy.
   *Rage:     It berserks you when you make melee attacks (+20% chance).
 C - the +7 rapier of Dawn {chaos, rPois}
   (You subdued it on level 1 of the Snake Pit)

   rPois:     It protects you from poison
 J - the +4 hand cannon of Somewhere Else {freeze, rC+}
   (You bought it in a shop on level 2 of the Orcish Mines)

   rC+:       It protects you from cold.
 K - the +6 whip of Uziuloha {speed, rElec Str+3 Int-5 Stlth+}
   (You found it on level 2 of the Snake Pit)

   Str+3:     It affects your strength (+3).
   Int-5:     It affects your intelligence (-5).
   rElec:     It insulates you from electricity.
   Stlth+:    It makes you more stealthy.
Missiles
 E - 3 javelins (quivered)
Armour
 b - an orb of light (worn)
 d - a +0 kite shield of positive energy
 h - a +2 cloak (worn)
 H - a +2 hat (worn)
Jewellery
 p - a ring of protection from fire (right fist)
 q - a +6 ring of strength (left fist)
 A - a ring of resist corrosion
 B - a +6 ring of strength
 F - a +4 ring of protection
 Q - a ring of protection from cold
 T - the amulet "Loth" (around neck) {Acrobat Will+ Int+2}
   (You found it on level 3 of the Swamp)

   [amulet of the acrobat]

   Acrobat:   It increases your evasion while moving and waiting.
   Int+2:     It affects your intelligence (+2).
   Will+:     It increases your willpower.
Talismans
 n - the serpent talisman of the Moon {Dex+3}
   (You took it off Aizul on level 3 of the Snake Pit)

   [serpent talisman]

   Dex+3:     It affects your dexterity (+3).
 L - a granite talisman (active)
Wands
 g - a wand of flame (12)
 o - a wand of paralysis (18)
 t - a wand of roots (36)
 w - a wand of mindburst (19)
 D - a wand of digging (21)
Scrolls
 c - a scroll of silence
 e - 2 scrolls of enchant weapon
 f - 6 scrolls of poison
 i - a scroll of torment
 m - 9 scrolls of vulnerability
 r - a scroll of amnesia
 v - 8 scrolls of teleportation
 z - 2 scrolls of noise
 M - 2 scrolls of identify
 O - a scroll of revelation
 V - 2 scrolls of fog
 X - a scroll of immolation
Potions
 j - a potion of resistance
 k - 2 potions of brilliance
 l - 6 potions of lignification
 s - 3 potions of attraction
 u - 4 potions of mutation
 x - 3 potions of invisibility
 G - 2 potions of heal wounds
 I - 4 potions of magic
 N - a potion of cancellation
 P - a potion of curing


   Skills:
 - Level 12.3 Fighting
 - Level 12.0 Dodging
 - Level 16.7 Unarmed Combat
 - Level 6.0 Spellcasting
 + Level 12.3 Necromancy
 - Level 6.0 Ice Magic
 - Level 16.0 Shapeshifting


You had 16 spell levels left.
You knew the following spells:

 Your Spells              Type           Power      Damage    Failure   Level
a - Ozocubu's Armour      Ice            19%        N/A       4%          3
b - Dispel Undead         Necr           35%        3d15      1%          4
c - Lesser Beckoning      Tloc           6%         N/A       26%         2
d - Passage of Golubria   Tloc           3%         N/A       86%         4

Your spell library contained the following spells:

 Spells                   Type           Power      Damage    Failure   Level
 Necrotise                Necr           100%       1d9       1%          1
 Vampiric Draining        Necr           35%        2d8       1%          3
 Agony                    Necr           35%        N/A       3%          5
 Ensorcelled Hibernation  Hex/Ice        22%        N/A       8%          2
 Anguish                  Hex/Necr       9%         N/A       13%         4
 Sandblast                Erth           6%         2d5       17%         1
 Borgnjor's Vile Clutch   Necr/Erth      9%         N/A       36%         5
 Gell's Gravitas          Tloc           3%         N/A       45%         3
 Inner Flame              Hex/Fire       3%         N/A       45%         3
 Teleport Other           Tloc           3%         N/A       45%         3
 Metabolic Englaciation   Hex/Ice        5%         N/A       80%         5
 Cause Fear               Hex            1%         N/A       86%         4
 Dimensional Bullseye     Hex/Tloc       1%         N/A       86%         4
 Olgreb's Toxic Radiance  Pois           3%         N/A       86%         4
 Enfeeble                 Hex            1%         N/A       100%        7
 Ozocubu's Refrigeration  Ice            9%         4d9       100%        7
 Borgnjor's Revivificati  Necr           17%        N/A       100%        8
 Discord                  Hex            1%         N/A       100%        8
 Ignition                 Fire           1%         3d3       100%        8
 Death's Door             Necr           17%        N/A       100%        9
 Polar Vortex             Ice            9%         12d1*     100%        9
 Animate Dead             Necr           Unusable   N/A       N/A         4
 Cigotuvi's Dreadful Rot  Necr/Pois/Air  Unusable   N/A       N/A         2
 Hailstorm                Conj/Ice       Unusable   3d5       N/A         3
 Death Channel            Necr           Unusable   N/A       N/A         6
 Shock                    Conj/Air       Unusable   1d3       N/A         1
 Passwall                 Tmut/Erth      Unusable   N/A       N/A         2
 Poisonous Vapours        Pois/Air       Unusable   N/A       N/A         2
 Summon Ice Beast         Ice/Summ       Unusable   N/A       N/A         4
 Mephitic Cloud           Conj/Pois/Air  Unusable   N/A       N/A         3
 Stone Arrow              Conj/Erth      Unusable   3d7       N/A         3
 Swiftness                Air            Unusable   N/A       N/A         3
 Tukima's Dance           Hex            Unusable   N/A       N/A         3
 Simulacrum               Ice/Necr       Unusable   N/A       N/A         6
 Airstrike                Air            Unusable   2d(1-17)  N/A         4
 Brom's Barrelling Bould  Conj/Erth      Unusable   2d3       N/A         4
 Flame Wave               Conj/Fire      Unusable   2d5       N/A         4
 Iskenderun's Mystic Bla  Conj/Tloc      Unusable   2d3       N/A         4
 Sticky Flame             Conj/Fire      Unusable   2d3       N/A         4
 Freezing Cloud           Conj/Ice/Air   Unusable   6-21      N/A         5
 Fireball                 Conj/Fire      Unusable   3d3       N/A         5
 Silence                  Hex/Air        Unusable   N/A       N/A         5
 Haunt                    Necr/Summ      Unusable   N/A       N/A         7
 Lehudib's Crystal Spear  Conj/Erth      Unusable   10d2      N/A         8
 Dragon's Call            Summ           Unusable   N/A       N/A         9

Dungeon Overview and Level Annotations

Branches:
Dungeon (14/15)            Temple (1/1) D:6            Lair (5/5) D:11
  Swamp (4/4) Lair:3        Snake (4/4) Lair:2        Slime (0/5) Lair:5
    Orc (2/2) D:12            Elf (0/3) Orc:2
 Vaults: D:13-14

Altars:
Ashenzari
Cheibriados
Dithmenos
Elyvilon
Gozag
Kikubaaqudgha
Makhleb
Nemelex Xobeh
Okawaru
Qazlal
Ru
Sif Muna
Trog
Uskayaw
Vehumet
Wu Jian
Xom
Zin
The Shining One

Shops:
D:4 *   D:6 *   Orc:1 =   Orc:2 *(((   Snake:2 ?   Snake:3 =

Annotations:
D:4 Dowan, Duvessa
D:9 1 runed translucent door, Eugor's ghost, novice DECj


Innate Abilities, Weirdness & Mutations

You are a living statue of rough stone.
Your actions are slow, but your melee attacks are powerful.
You are resistant to unholy torment.
Your maximum health is greatly increased.
Your equipment is partially melded.
((You can breathe blasts of scalding, opaque steam.))
((Your pale cyan-grey scales are hard. (AC +10)))
You cannot fit into any form of body armour.
You are immune to poison.
Potions are less effective at restoring your health.
You are cold-blooded and may be slowed by cold attacks.
You sometimes lose the ability to drink potions when taking damage.
You cannot be stealthy.
You are hated by all.
You cannot study or cast Air magic.
You cannot study or cast Conjurations magic.
You cannot study or cast Transmutations magic.
You are somewhat unskilled. (-1 Apt)
You are immune to the effects of steam.
You have a pair of horns on your head.
You are agile. (Dex +4, Str/Int -1)
Your flesh is cold resistant. (rC+)
You occasionally shout uncontrollably at your foes.


Message History

You redirect the naga warrior's attack!
The naga warrior misses the guardian serpent.
The naga warrior grabs the guardian serpent.
The naga warrior constricts the guardian serpent.
The naga is stunned by your conviction and fails to attack.
The anaconda bites you but does no damage.
The anaconda constricts you.
* * * LOW HITPOINT WARNING * * *
The guardian serpent closely misses you.
The naga warrior barely misses you.
The naga warrior constricts the guardian serpent.
The guardian serpent dies!
Unknown command.
You barely miss the anaconda. Your headbutt misses the anaconda.
The anaconda is almost dead.
The grasping roots constrict the naga warrior.
The roots release their grip on the naga warrior.
The anaconda barely misses you. The anaconda constricts you.
The anaconda is stunned by your conviction and fails to attack.
The anaconda constricts you. The naga misses you.
The naga warrior begins to attack, but is stunned by your conviction!
Unknown command.
Unknown command.
You punch the anaconda!
You kill the anaconda!
The naga completely misses you. x2
The naga warrior hits you with a +0 scimitar.
* * * LOW HITPOINT WARNING * * *
You focus your inner power and illuminate the naga warrior in retribution!
The naga warrior grabs you. The naga warrior constricts you.
Unknown command.
Unknown command.
Okay, then.
Okay, then.
You are confused.
Your system partially rejects the healing.
You feel invigorated.
A shock serpent comes into view.
The naga hits you with a +0 long sword!!
You die...

#.............#####..#.#....
.#######.........##..#.# ...
.. #..........#......... ..
... ..#####.##............ .
...##....#...#.......
..........#########...
...^.##...## ...
####....N†N### ###...8))$#
##.........# ##........#
##.......# ##..###... ##)#
##. .# S.


You could see a naga warrior (corona), a shock serpent (wandering) and a naga
(strong).

Vanquished Creatures
  Vashnia (Snake:3)
  Nikola (Swamp:3)
  An Ice Fiend (Swamp:3)
  Rupert (Lair:4)
  Asterion (Snake:1)
  Frances (D:13)
  The ghost of Luurhike the Executioner, an adept MiFi of Gozag (Snake:1)
  Donald (Orc:2)
  2 thorn hunters
  Kirke (Swamp:2)
  Roxanne (Swamp:2)
  Aizul (Snake:3)
  A fenstrider witch (Swamp:4)
  8 nagarajas
  An orc warlord (Orc:1)
  The ghost of Jaurgh the Lord of Darkness, a journeyman DsMo of Kikubaaqudgha (Lair:5)
  6 eleionomae
  A bunyip (Swamp:4)
  Fannar (Lair:3)
  Josephine (Orc:2)
  22 hydras
  A spriggan air mage (Swamp:3)
  Erolcha (D:10)
  11 anacondas
  8 ghost crabs
  A boulder beetle (D:11)
  2 centaur warriors (D:13)
  4 two-headed ogres
  6 alligators
  A dancing weapon (Snake:1)
  A death knight (D:12)
  8 naga warriors
  A tengu warrior (D:13)
  10 death yaks
  7 shock serpents
  Urug (D:10)
  11 naga sharpshooters
  2 spriggan berserkers (Swamp:4)
  4 orc high priests
  A deep elf knight (Orc:1)
  2 skysharks (Lair:5)
  4 salamander mystics
  6 goliath frogs
  5 naga ritualists
  4 spriggan druids
  6 bog bodies
  7 swamp dragons
  A deep elf pyromancer (D:13)
  An orc knight (Orc:1)
  Pikel (D:5)
  4 deep elf zephyrmancers (Orc:1)
  3 will-o-the-wisps
  A mana viper (shapeshifter) (D:14)
  12 mana vipers
  13 ugly things
  7 orc sorcerers
  2 oklob plants
  11 salamanders
  A cyclops (D:14)
  2 manticores
  3 guardian serpents
  15 naga magi
  18 elephants
  35 black mambas
  Psyche (D:10)
  2 torpor snails
  An unseen horror (D:11)
  4 apocalypse crabs (Swamp:1)
  An ice statue (D:13)
  13 komodo dragons
  18 cane toads
  Maggie (D:7)
  4 kobold demonologists
  3 rime drakes
  2 tengu conjurers (D:13)
  12 hornets
  3 trolls
  7 polar bears
  9 tyrant leeches
  Grinder (D:4)
  18 blink frogs
  5 dream sheep
  Sigmund (D:3)
  8 slime creatures
  73 yaks
  3 wraiths (Orc:2)
  A shadow (D:10)
  2 vampires
  20 spriggans
  A steam dragon (D:8)
  7 wyverns
  4 basilisks
  3 hogs (Swamp:2)
  4 humans (Swamp:2)
  14 vampire mosquitoes
  2 wargs
  Edmund (D:4)
  4 acid dragons
  18 swamp worms
  17 water moccasins
  41 nagas
  2 sky beasts (D:7)
  7 swamp drakes
  3 ice beasts
  30 orc warriors
  4 boggarts (Lair:5)
  6 black bears
  45 wolves
  9 centaurs
  16 ogres
  3 lemures (D:5)
  8 kobold brigands
  2 phantoms
  13 bullfrogs
  2 gnoll sergeants (D:12)
  2 scorpions (D:5)
  5 wights (D:8)
  6 killer bees (D:9)
  5 jellies
  3 electric eels
  8 howler monkeys
  30 orc priests
  Crazy Yiuf (D:2)
  A hound (D:5)
  An iguana (D:5)
  Terence (D:3)
  A gnoll bouda (Lair:4)
  22 orc wizards
  4 hell rats (Lair:3)
  11 gnolls
  5 adders
  2 ufetubi (D:6)
  2 worms
  60 orcs
  3 bats
  7 endoplasms
  3 giant cockroaches
  2 goblins
  7 hobgoblins
  4 jackals (D:5)
  21 kobolds
  3 quokkas
  3 ball pythons
  3 frilled lizards
  8 rats
1013 creatures vanquished.

Vanquished Creatures (others)
  A hydra (Swamp:4)
  A naga sharpshooter (Snake:4)
  A spriggan druid (Swamp:1)
  A swamp dragon (Swamp:3)
  A deep elf pyromancer (Orc:1)
  A guardian serpent (Snake:4)
  Joseph (D:9)
  A spriggan (Lair:5)
  A vampire (D:14)
  A naga (Snake:1)
  A swamp worm (Swamp:4)
  A swamp drake (Swamp:4)
  A howler monkey (D:10)
  2 orc wizards (Orc:2)
  3 orcs
  A kobold (D:11)
  20 foxfires
39 creatures vanquished.

Grand Total: 1052 creatures vanquished

Notes
Turn   | Place    | Note
-------+----------+-------------------------------------------
     0 | D:1      | zxpr0jk the Draconian Monk began the quest for the Orb.
     0 | D:1      | Reached XP level 1. HP: 19/19 MP: 1/1
   223 | D:1      | Reached XP level 2. HP: 26/26 MP: 2/2
   832 | D:2      | Found a runed translucent door.
   833 | D:2      | Noticed Crazy Yiuf
  1118 | D:2      | Reached XP level 3. HP: 27/33 MP: 3/3
  1256 | D:2      | Reached XP level 4. HP: 35/40 MP: 4/4
  1301 | D:2      | You fall into a shaft and drop 1 floor!
  1578 | D:3      | Found a shimmering blue altar of Sif Muna.
  1702 | D:3      | Noticed Sigmund
  2030 | D:3      | Noticed Terence
  2036 | D:3      | Gained mutation: You possess an exceptional clarity of
                  | mind. [potion of mutation]
  2036 | D:3      | Gained mutation: You have supernaturally acute eyesight.
                  | (SInv) [potion of mutation]
  2036 | D:3      | Gained mutation: Your system is resistant to poisons.
                  | (rPois) [potion of mutation]
  2036 | D:3      | Gained mutation: Your flesh is cold resistant. (rC+)
                  | [potion of mutation]
  2068 | D:3      | Killed Terence
  2069 | D:3      | Reached XP level 5. HP: 43/47 MP: 5/5
  2074 | D:3      | Lost mutation: You possess an exceptional clarity of mind.
                  | [potion of mutation]
  2074 | D:3      | Lost mutation: You have supernaturally acute eyesight.
                  | (SInv) [potion of mutation]
  2074 | D:3      | Lost mutation: Your system is resistant to poisons. (rPois)
                  | [potion of mutation]
  2074 | D:3      | Gained mutation: You have a pair of small horns on your
                  | head. [potion of mutation]
  2074 | D:3      | Gained mutation: You have a pair of horns on your head.
                  | [potion of mutation]
  2074 | D:3      | Gained mutation: You are agile. (Dex +4, Str/Int -1)
                  | [potion of mutation]
  2160 | D:3      | Killed Sigmund
  2161 | D:3      | Reached skill level 5 in Fighting
  2161 | D:3      | Reached XP level 6. HP: 8/56 MP: 6/6
  3016 | D:2      | Killed Crazy Yiuf
  3170 | D:4      | Found Zeoveol's Assorted Antiques.
  3172 | D:4      | Bought a scroll labelled REDUXO XUGEE for 27 gold pieces
  3238 | D:4      | Noticed Edmund
  3245 | D:4      | Killed Edmund
  3250 | D:4      | Reached skill level 5 in Dodging
  3250 | D:4      | Your scales start taking on a pale cyan-grey colour.
  3250 | D:4      | Reached XP level 7. HP: 35/63 MP: 7/7
  3250 | D:4      | Gained mutation: You are immune to the effects of steam.
                  | [Pale Draconian growth]
  3432 | D:4      | Noticed Grinder
  3449 | D:4      | Paralysed by Grinder for 2 turns
  3456 | D:4      | Killed Grinder
  3457 | D:4      | Reached skill level 5 in Unarmed Combat
  3519 | D:4      | Noticed Dowan
  3519 | D:4      | Noticed Duvessa
  3538 | D:5      | Entered Level 5 of the Dungeon
  3918 | D:5      | Reached XP level 8. HP: 70/70 MP: 8/8
  4211 | D:5      | Noticed Pikel
  4236 | D:5      | Killed Pikel
  4555 | D:6      | Found a staircase to the Ecumenical Temple.
  4562 | Temple   | Entered the Ecumenical Temple
  4583 | Temple   | Became a worshipper of Ru the Awakened
  4605 | D:6      | Gained mutation: You cannot study or cast Air magic. [Ru
                  | sacrifice]
  4605 | D:6      | Gained mutation: You cannot study or cast Transmutations
                  | magic. [Ru sacrifice]
  4605 | D:6      | Gained mutation: You cannot study or cast Conjurations
                  | magic. [Ru sacrifice]
  4605 | D:6      | Reached * piety under Ru
  5040 | D:6      | Identified the +6 trident of Broken Luck {speed, Fragile
                  | rElec Int+9}
  5242 | D:6      | Reached XP level 9. HP: 75/75 MP: 9/9
  5253 | D:6      | Found Suvoy's Fire Supplies.
  5446 | D:7      | Reached skill level 10 in Unarmed Combat
  5627 | D:7      | Noticed Maggie
  5655 | D:7      | Killed Maggie
  6432 | D:7      | Gained mutation: You are hated by all. [Ru sacrifice]
  6432 | D:7      | Reached ** piety under Ru
  6432 | D:7      | Reached *** piety under Ru
  6702 | D:7      | Learned a level 3 spell: Ozocubu's Armour
  6764 | D:8      | Reached skill level 1 in Spellcasting
  6764 | D:8      | Reached skill level 1 in Ice Magic
  6870 | D:8      | Identified a scroll of acquirement
  6874 | D:8      | Acquired a manual of Shapeshifting
  7883 | D:9      | Reached XP level 10. HP: 58/83 MP: 15/15
  7997 | D:9      | Noticed Joseph
  8012 | D:9      | Killed Joseph
  8298 | D:9      | Reached skill level 5 in Ice Magic
  8382 | D:9      | Found a runed translucent door.
  8386 | D:9      | Identified the +4 trident "Beetleslayer" {holy, rF+}
  8386 | D:9      | Noticed Eugor's ghost (novice DECj)
  8858 | D:10     | Entered Level 10 of the Dungeon
  8863 | D:10     | Identified the +4 spear of Ucsox {spect, rPois Str+3 Int-4
                  | Stlth+}
  8911 | D:10     | Noticed Psyche
  8919 | D:10     | Killed Psyche
  9014 | D:10     | Reached skill level 5 in Spellcasting
  9056 | D:10     | Noticed Urug
  9059 | D:10     | Gained mutation: You occasionally lose the ability to drink
                  | potions when taking damage. [Ru sacrifice]
  9059 | D:10     | Gained mutation: You sometimes lose the ability to drink
                  | potions when taking damage. [Ru sacrifice]
  9059 | D:10     | Reached **** piety under Ru
  9071 | D:10     | Killed Urug
  9408 | D:10     | Reached skill level 5 in Shapeshifting
  9418 | D:10     | Reached XP level 11. HP: 79/89 MP: 18/18
  9503 | D:10     | Noticed Erolcha
  9513 | D:10     | Killed Erolcha
  9903 | D:11     | Noticed a soul eater
 10252 | D:11     | Found a staircase to the Lair.
 10470 | D:11     | Found a sparkling altar of Nemelex Xobeh.
 10529 | D:11     | Noticed a boulder beetle
 10567 | D:11     | Killed a boulder beetle
 10568 | D:11     | Reached skill level 10 in Shapeshifting
 10948 | D:11     | Noticed a soul eater
 10953 | D:11     | Noticed a sixfirhy
 11618 | D:12     | Noticed a two-headed ogre
 11625 | D:12     | Killed a two-headed ogre
 11754 | D:12     | Found a staircase to the Orcish Mines.
 11770 | D:12     | Gained mutation: You cannot be stealthy. [Ru sacrifice]
 11770 | D:12     | Reached ***** piety under Ru
 11776 | D:12     | Reached XP level 12. HP: 96/96 MP: 19/19
 12178 | D:12     | Noticed a death knight
 12209 | D:12     | Killed a death knight
 12454 | D:12     | Noticed a two-headed ogre
 12461 | D:12     | Killed a two-headed ogre
 12831 | D:12     | Found a bloodstained altar of Trog.
 13079 | D:13     | Noticed a centaur warrior
 13083 | D:13     | Noticed Frances
 13087 | D:13     | Killed a centaur warrior
 13088 | D:13     | Noticed a tengu warrior
 13093 | D:13     | Killed a tengu warrior
 13148 | D:13     | Noticed a centaur warrior
 13152 | D:13     | Noticed a two-headed ogre
 13154 | D:13     | Killed a centaur warrior
 13159 | D:13     | Killed a two-headed ogre
 13656 | D:13     | Killed Frances
 13892 | D:14     | Reached XP level 13. HP: 102/102 MP: 20/20
 14106 | D:14     | Reached skill level 15 in Unarmed Combat
 14117 | D:14     | Reached skill level 15 in Shapeshifting
 14312 | D:6      | Bought a ring of protection from fire for 250 gold pieces
 14480 | Lair:1   | Entered Level 1 of the Lair of Beasts
 14668 | Lair:1   | Gained mutation: You are somewhat unskilled. (-1 Apt) [Ru
                  | sacrifice]
 14668 | Lair:1   | Reduced skill Fighting to level 5
 14668 | Lair:1   | Reduced skill Dodging to level 5
 14668 | Lair:1   | Reduced skill Ice Magic to level 5
 15949 | Lair:2   | Reached skill level 15 in Shapeshifting
 16175 | Lair:2   | Found a staircase to the Snake Pit.
 16205 | Lair:2   | Reached XP level 14. HP: 107/107 MP: 20/20
 16319 | Lair:2   | Gained mutation: Potions are less effective at restoring
                  | your health. [Ru sacrifice]
 16319 | Lair:2   | Reached ****** piety under Ru
 16939 | Lair:3   | Noticed Fannar
 16941 | Lair:3   | Reached skill level 15 in Unarmed Combat
 16951 | Lair:3   | Killed Fannar
 17082 | Lair:3   | Found a staircase to the Swamp.
 17697 | Lair:4   | Noticed Rupert
 17703 | Lair:4   | Killed Rupert
 18163 | Lair:4   | Reached skill level 5 in Spellcasting
 18688 | Lair:5   | Entered Level 5 of the Lair of Beasts
 18741 | Lair:5   | Found a transporter.
 18748 | Lair:5   | Found a transporter.
 18748 | Lair:5   | Noticed Jaurgh's ghost (journeyman DsMo)
 19024 | Lair:5   | Reached XP level 15. HP: 88/115 MP: 20/24
 19821 | Lair:5   | Found a staircase to the Slime Pits.
 20027 | Lair:5   | Killed Jaurgh's ghost
 20214 | Orc:1    | Entered Level 1 of the Orcish Mines
 20625 | Orc:1    | HP: 1/157 [orc warlord/+0 bardiche (14)]
 21311 | Orc:2    | Entered Level 2 of the Orcish Mines
 21404 | Orc:2    | Found a staircase to the Elven Halls.
 21628 | Orc:2    | Noticed Donald
 21639 | Orc:2    | Killed Donald
 21641 | Orc:2    | Noticed Josephine
 21645 | Orc:2    | Gained mutation: You occasionally shout uncontrollably at
                  | your foes. [a neqoxec]
 21648 | Orc:2    | Paralysed by an orc sorcerer for 5 turns
 21663 | Orc:2    | Killed Josephine
 21664 | Orc:2    | HP: 6/159 [orc priest/divine providence (12)]
 21699 | Orc:2    | HP: 5/140 [orc warrior/+0 mace (7)]
 21925 | Orc:2    | Found Pialliwk's Weapon Shoppe.
 21925 | Orc:2    | Found Oghe's Weapon Emporium.
 21926 | Orc:2    | Found Daeshrae's Assorted Antiques.
 21929 | Orc:2    | Found Caolocwa's Weapon Shoppe.
 21951 | Orc:2    | Bought 3 scrolls labelled QUOLATU NEMO for 102 gold pieces
 21951 | Orc:2    | Bought a scroll labelled QUOLATU NEMO for 34 gold pieces
 21955 | Orc:2    | Bought a shiny coral ring for 170 gold pieces
 21955 | Orc:2    | Bought a fuming coppery potion for 30 gold pieces
 21955 | Orc:2    | Bought a polished hand cannon for 289 gold pieces
 21955 | Orc:2    | Identified the +4 hand cannon of Somewhere Else {freeze,
                  | rC+} (You bought it in a shop on level 2 of the Orcish
                  | Mines)
 22145 | Orc:1    | Found Miff's Jewellery Boutique.
 22325 | Swamp:1  | Entered Level 1 of the Swamp
 22419 | Swamp:1  | Found a runed translucent door.
 22484 | Swamp:1  | Learned a level 4 spell: Dispel Undead
 22906 | Swamp:1  | Reached XP level 16. HP: 132/132 MP: 25/25
 22965 | Swamp:1  | Paralysed by you for 4 turns
 23139 | Swamp:2  | Noticed Roxanne
 23150 | Swamp:2  | Killed Roxanne
 23437 | Swamp:2  | Reached skill level 10 in Dodging
 23450 | Swamp:2  | Learned a level 2 spell: Lesser Beckoning
 23482 | Swamp:2  | Reached skill level 10 in Fighting
 23684 | Swamp:2  | Noticed Kirke
 23691 | Swamp:2  | Killed Kirke
 24036 | Swamp:3  | Noticed a thorn hunter
 24042 | Swamp:3  | Killed a thorn hunter
 24075 | Swamp:3  | Noticed Nikola
 24085 | Swamp:3  | Killed Nikola
 24397 | Swamp:3  | Found a transporter.
 24479 | Swamp:3  | Found a transporter.
 24823 | Swamp:3  | Noticed an Ice Fiend
 24831 | Swamp:3  | Killed an Ice Fiend
 24840 | Swamp:3  | Identified the amulet "Loth" {Acrobat Will+ Int+2}
 24843 | Swamp:3  | Identified the +1 pair of gloves "Ketziys" {Int+4}
 24932 | Swamp:4  | Entered Level 4 of the Swamp
 25355 | Swamp:4  | Learned a level 4 spell: Passage of Golubria
 25364 | Swamp:4  | Identified the +0 ring mail "Josed" {Rampage rF- Regen+}
 25376 | Swamp:4  | Noticed a thorn hunter
 25384 | Swamp:4  | Killed a thorn hunter
 25499 | Swamp:4  | Reached XP level 17. HP: 127/146 MP: 12/26
 25589 | Swamp:4  | Got a decaying rune of Zot
 25910 | Snake:1  | Entered Level 1 of the Snake Pit
 25931 | Snake:1  | Reached skill level 1 in Necromancy
 26011 | Snake:1  | Found a runed translucent door.
 26011 | Snake:1  | Found a shimmering altar of Xom.
 26011 | Snake:1  | Noticed Luurhike's ghost (adept MiFi)
 26012 | Snake:1  | Identified the +7 rapier of Dawn {chaos, rPois}
 26187 | Snake:1  | You fall into a shaft and drop 1 floor!
 26539 | Snake:1  | Reached skill level 5 in Necromancy
 26959 | Snake:1  | Noticed Asterion
 26965 | Snake:1  | Killed Asterion
 27088 | Snake:1  | Killed Luurhike's ghost
 27126 | Snake:2  | Found Pamosair's Magic Scroll Emporium.
 27133 | Snake:2  | Identified the +6 whip of Uziuloha {speed, rElec Str+3
                  | Int-5 Stlth+}
 27158 | Snake:2  | Bought a scroll of identify for 32 gold pieces
 27158 | Snake:2  | Bought a scroll of identify for 32 gold pieces
 27158 | Snake:2  | Bought a scroll of identify for 32 gold pieces
 27158 | Snake:2  | Bought a scroll of identify for 32 gold pieces
 28145 | Snake:3  | Identified the serpent talisman of the Moon {Dex+3}
 28145 | Snake:3  | Noticed Aizul
 28152 | Snake:3  | Killed Aizul
 28319 | Snake:3  | Noticed Vashnia
 28335 | Snake:3  | Killed Vashnia
 28336 | Snake:3  | Reached skill level 10 in Necromancy
 28660 | Snake:3  | Found Mejuaseg's Jewellery Shop.
 28988 | Snake:4  | Entered Level 4 of the Snake Pit
 29008 | Snake:4  | Reached XP level 18. HP: 154/154 MP: 27/27
 29418 | Snake:4  | Mangled by a naga

Illustrated notes

Levels and vault maps discovered:
D:1:      amcnicky_arrival_single_pillar, layout_loops_ring
D:2:      layout_loops_corners, uniq_crazy_yiuf_cottage
D:3:      layout_loops_corners, mainiacjoe_overflow_concentric_impassable,
          uniq_sigmund, uniq_terence
D:4:      layout_loops_ring, serial_shops, shop, shop,
          nicolae_shop_back_alley_shop, shop, uniq_duvessa, uniq_edmund,
          uniq_grinder
D:5:      layout_loops_cross, minivault_4, corexii_corridor_pit, uniq_pikel
D:6:      layout_gridville, minmay_temple_entry_trees, minmay_misc_feat_pillars,
          nicolae_shop_fire_sale [nicolae_sub_dead_trees]
D:7:      layout_layer_cave, uniq_maggie
D:8:      layout_basic, minmay_diced_spiral
D:9:      layout_loops_corners, ebering_ghost_funeral_grove, uniq_joseph
D:10:     layout_rooms, kennysheep_generic_room_4, uniq_urug, uniq_erolcha,
          uniq_psyche
D:11:     layout_loops_ring, due_lair_maze_entry_diamond,
          nemelex_spade_bored_becter
D:12:     layout_gridville, kennysheep_orc_monster_closet_entryway, special_room
          [special_room_orc], bloody_trog
D:13:     layout_basic, minivault_16, uniq_frances
D:14:     layout_basic, david_vaults_4, gauntlet_entry_generic
Temple:   mainiacjoe_temple_archimedes_tessellation
Lair:1:   layout_gridlike, serial_bayou_pond_a, beast_lair_carwin_6,
          grunt_megastairs_1
Lair:2:   nzn_winding_woodlands_small [nzn_winding_woodlands_5x15_sawtooth,
          nzn_winding_woodlands_center_lodge,
          nzn_winding_woodlands_5x15_concentric], layout_cave_pods,
          dummy_snake_entry, grunt_megastairs_2, serial_bayou_shore_b
Lair:3:   layout_loops_ring, palyth_hydra_swamp_entry, uniq_fannar
Lair:4:   layout_cave_pods, st_stairs_4, serial_bayou_ford_a,
          dreamdust_gnoll_shepherd, uniq_rupert
Lair:5:   minmay_lair_end_enchanted_forest, layout_regular_city,
          nicolae_slime_entry_field_trip, gammafunk_ghost_arena
Swamp:1:  gammafunk_mikee_crab_dinner, layout_basic_swamp,
          evilmike_swamp_ruin_house_1, nicolae_swamp_decorative_isthmus
Swamp:2:  nicolae_swamp_ascending_descending_big, layout_basic_swamp,
          nicolae_swamp_tree_isthmus, infiniplex_staircase_pool, uniq_roxanne,
          uniq_kirke
Swamp:3:  gammafunk_worm_tunnel, layout_basic_swamp, serial_swamp_ruin,
          hangedman_swamp_ruin_wall, evilmike_swamp_ruin_house_5, swamp_pool_5,
          uniq_nikola
Swamp:4:  swamp_basic_johnstein, layout_basic_swamp
Snake:1:  nicolae_snake_crotalidae_crossing, layout_grid_maze, basic_altar,
          ebering_ghost_xom, uniq_asterion
Snake:2:  layout_gridlike, serial_shops, nicolae_diamond_shop, st_stairs_3,
          grunt_megastairs_3
Snake:3:  layout_rooms, serial_shops, nicolae_shop_gaudy_bauble,
          serial_library_regret_index_headful, uniq_aizul, uniq_vashnia
Snake:4:  snake_pit_salamanders_mu, layout_misc_corridors,
          nicolae_snake_guarding_the_ruins, lemuel_fruit_tree
Orc:1:    nicolae_orc_accident_2, layout_caves, serial_shops, shop, basic_altar,
          elf_legates
Orc:2:    st_orc_mages, layout_diamond_mine, special_room, uniq_josephine,
          uniq_donald

Skill      XL: |  1  2  3  4  5  6  7  8  9 10 11 12 13 14 15 16 17 18 |
---------------+-------------------------------------------------------+-----
Dodging        | 3 4 5 6 5 9 12 | 12.0
Fighting       | 4 5 6 5 9 12 | 12.3
Unarmed Combat | 4 6 9 11 12 13 14 14 16 | 16.7
Spellcasting   | 3 5 4 6 |  6.0
Ice Magic      | 3 6 5 6 |  6.0
Shapeshifting  | 5 12 14 15 16 | 16.0
Necromancy     | 11 12 | 12.3

Action                     |  1- 3 |  4- 6 |  7- 9 | 10-12 | 13-15 | 16-18 || total
---------------------------+-------+-------+-------+-------+-------+-------++-------
  Melee: Unarmed           |    65 |   126 |   276 |   491 |   843 |   771 ||  2572
         Tailslap          |    12 |    17 |    59 |   101 |   114 |   160 ||   463
         Headbutt          |       |    16 |    69 |   157 |   185 |   203 ||   630
  Throw: Stone             |     5 |     1 |       |       |       |       ||     6
         Javelin           |       |       |       |    19 |    10 |     1 ||    30
   Cast: Ozocubu's Armour  |       |       |     1 |     7 |    13 |     5 ||    26
 Invoke: Sacrifice Arcana  |       |       |     1 |       |       |       ||     1
         Sacrifice Love    |       |       |     1 |       |       |       ||     1
         Sacrifice Drink   |       |       |       |     1 |       |       ||     1
         Power Leap        |       |       |       |     4 |     6 |     8 ||    18
         Sacrifice Stealth |       |       |       |     1 |       |       ||     1
         Sacrifice Skill   |       |       |       |       |     1 |       ||     1
         Sacrifice Purity  |       |       |       |       |     1 |       ||     1
         Apocalypse        |       |       |       |       |     1 |     1 ||     2
Ability: Breathe Steam     |       |       |     1 |    10 |       |       ||    11
         Begin Untransform |       |       |       |       |     1 |       ||     1
  Evoke: Wand              |       |       |       |    18 |    23 |     4 ||    45
    Use: Potion            |     1 |     6 |     1 |     2 |     9 |     7 ||    26
         Scroll            |       |     4 |     8 |     8 |     8 |    11 ||    39
   Stab: Sleeping          |       |     1 |       |       |       |       ||     1
         Distracted        |       |       |     1 |     1 |     8 |     9 ||    19
         Invisible         |       |       |       |     4 |     3 |     7 ||    14
         Paralysed         |       |       |       |     7 |     3 |     5 ||    15
 Armour: Skin              |    24 |    44 |   101 |   244 |   842 |   729 ||  1984
  Dodge: Dodged            |    36 |    74 |   172 |   355 |   944 |  1253 ||  2834
         Repelled          |       |     1 |       |       |       |       ||     1
   Form: Statue            |       |       |       |     2 |     1 |       ||     3
         Blade             |       |       |       |     1 |       |       ||     1

Table legend: (Time is in decaauts)
 A = Elapsed time spent in this place.
 B = Non-inter-level travel time spent in this place.
 C = Inter-level travel time spent in this place.
 D = Time resting spent in this place.
 E = Time spent auto-exploring this place.
 F = Levels seen in this place.
 G = Mean time per level.
                   A        B        C        D        E       F      G
               +--------+--------+--------+--------+--------+-----+--------+
         Total |  37242 |  35091 |   2151 |   2701 |  26146 |  30 | 1241.4 |
       Dungeon |  15246 |  14362 |    884 |   1419 |  10640 |  14 | 1089.0 |
        Temple |     41 |      6 |     35 |      0 |      0 |   1 |   41.0 |
          Lair |   8546 |   7818 |    728 |    322 |   6219 |   5 | 1709.2 |
         Swamp |   5429 |   5191 |    238 |    302 |   3784 |   4 | 1357.2 |
     Snake Pit |   5061 |   4918 |    143 |    103 |   3884 |   4 | 1265.2 |
  Orcish Mines |   2917 |   2797 |    120 |    553 |   1617 |   2 | 1458.5 |
               +--------+--------+--------+--------+--------+-----+--------+

Top non-repeatable levels by time:
  Lair:2: 2031 daAuts
  Lair:5: 2003 daAuts
    D:12: 1827 daAuts
 Snake:1: 1747 daAuts
   Orc:1: 1707 daAuts
    D:11: 1589 daAuts
  Lair:1: 1560 daAuts
  Lair:4: 1531 daAuts
 Swamp:3: 1440 daAuts
 Snake:2: 1439 daAuts
  Lair:3: 1420 daAuts
 Swamp:4: 1398 daAuts
    D:13: 1391 daAuts
     D:7: 1379 daAuts
 Swamp:2: 1376 daAuts
